 Dungeon Crawl Stone Soup version 0.31.0-32-g396128a36d (webtiles) character file.

Game seed: 8436277590432900867

2903 po7itron the Geomancer (level 9, -5/48 HPs)
             Began as a Gargoyle Earth Elementalist on Apr 13, 2024.
             Was a Follower of Vehumet.
             Slain by a bullfrog (7 damage)
             ... on level 7 of the Dungeon.
             The game lasted 00:14:52 (6738 turns).

po7itron the Geomancer (GrEE)                       Turns: 6738, Time: 00:14:53

Health: -5/48      AC: 10    Str: 12    XL:     9   Next: 78%
Magic:  13/21      EV: 12    Int: 20    God:    Vehumet [*.....]
Gold:   322        SH:  0    Dex: 10    Spells: 17/24 levels left

rFire   . . .        p - +4 dagger
rCold   . . .        (no shield)
rNeg    + . .        a - +0 robe
rPois   ∞            r - +0 helmet
rElec   +            M - +0 cloak
rCorr   .            (no gloves)
SInv    .            (no boots)
Will    .....        G - amulet of the acrobat
Stlth   ++           J - +4 ring of slaying
HPRegen 0.28/turn    (no ring)
MPRegen 0.17/turn

%: acrobat
@: very slightly contaminated
A: sickness immunity, AC +6, negative energy resistance 1, electricity
resistance, torment resistance 1, petrification resistance
a: Renounce Religion


You were on level 7 of the Dungeon.
You worshipped Vehumet.
Vehumet was aware of your devotion.
You visited 2 branches of the dungeon, and saw 8 of its levels.

You collected 322 gold pieces.

Inventory:

Hand Weapons
 p - a +4 dagger (weapon)
 C - the +2 trident "Hommufu" {freeze, rC++}
   (You found it on level 4 of the Dungeon)

   rC++:      It greatly protects you from cold.
Armour
 a - a +0 robe (worn)
 c - a +0 cloak
 r - a +0 helmet (worn)
 L - an orb of guile
 M - a +0 cloak (worn)
Jewellery
 d - an amulet of reflection
 k - a ring of ice
 D - the ring "Awnocw" {rElec rPois rN++ Slay-5 SInv}
   (You found it on level 4 of the Dungeon)

   [ring of poison resistance]

   Slay-5:    It affects your accuracy & damage with ranged weapons and melee
   (-5).
   rElec:     It insulates you from electricity.
   rPois:     It protects you from poison rN++: It greatly protects you from
   negative energy.
   SInv:      It lets you see invisible.
 G - an amulet of the acrobat (around neck)
 I - a +6 ring of strength
 J - a +4 ring of slaying (left hand)
Wands
 t - a wand of acid (19)
 w - a wand of flame (40)
 H - a wand of mindburst (16)
 K - a wand of paralysis (8)
Scrolls
 e - 2 scrolls of enchant weapon {unknown}
 i - a scroll of butterflies {unknown}
 m - 3 scrolls of fear {unknown}
 n - 10 scrolls of identify {unknown}
 o - a scroll of vulnerability {unknown}
 s - 2 scrolls of amnesia {unknown}
 u - 2 scrolls of revelation {unknown}
 x - 4 scrolls of poison {unknown}
 y - a scroll of immolation {unknown}
 B - a scroll of enchant armour {unknown}
 E - a scroll of teleportation {unknown}
Potions
 b - 2 potions of magic
 f - 3 potions of attraction {unknown}
 g - 2 potions of brilliance {unknown}
 h - 2 potions of heal wounds {unknown}
 j - a potion of lignification {unknown}
 l - a potion of degeneration {unknown}
 q - 3 potions of curing {unknown}
 v - 2 potions of berserk rage {unknown}
 z - a potion of enlightenment {unknown}
 A - a potion of ambrosia {unknown}
 F - a potion of mutation {unknown}


   Skills:
 - Level 2.0 Fighting
 - Level 2.0 Dodging
 - Level 2.1 Stealth
 - Level 8.0 Spellcasting
 - Level 4.0 Conjurations
 + Level 11.5 Earth Magic


You had 17 spell levels left.
You knew the following spells:

 Your Spells              Type           Power      Damage    Failure   Level
a - Sandblast             Erth           100%       2d20      1%          1
b - Passwall              Erth           52%        N/A       1%          3
c - Stone Arrow           Conj/Erth      78%        3d11      1%          3

Your spell library contained the following spells:

 Spells                   Type           Power      Damage    Failure   Level
 Foxfire                  Conj/Fire      64%        2x1d7     3%          1
 Brom's Barrelling Bould  Conj/Erth      39%        2d6       3%          4
 Petrify                  Alch/Erth      31%        N/A       8%          4
 Dazzling Flash           Conj/Hex       32%        N/A       11%         3
 Ensorcelled Hibernation  Hex/Ice        16%        N/A       13%         2
 Mephitic Cloud           Conj/Alch/Air  13%        N/A       16%         3
 Swiftness                Air            8%         N/A       26%         3
 Tukima's Dance           Hex            8%         N/A       26%         3
 Iskenderun's Mystic Bla  Conj/Tloc      16%        2d5       36%         4
 Dimensional Bullseye     Hex/Tloc       4%         N/A       63%         4
 Curse of Agony           Necr           8%         N/A       93%         5
 Silence                  Hex/Air        4%         N/A       93%         5


Dungeon Overview and Level Annotations

Branches:
Dungeon (7/15)             Temple (1/1) D:5

Altars:
Ashenzari
Cheibriados
Dithmenos
Elyvilon
Fedhas
Gozag
Hepliaklqana
Makhleb
Nemelex Xobeh
Okawaru
Qazlal
Ru
Sif Muna
Trog
Uskayaw
Vehumet
Wu Jian
Xom
Yredelemnul
The Shining One

Shops:
D:5 (

Annotations:
D:4 3 runed translucent doors, NikiYani's ghost, amateur SpEE
D:6 2 transporters, mihai's ghost, novice MiFi


Innate Abilities, Weirdness & Mutations

You are immune to sickness and miasma.
Your stone body is resilient. (AC +6)
You are immune to poison.
You resist negative energy. (rN+)
You are resistant to electric shocks. (rElec)
You are resistant to unholy torment.
You are immune to petrification.


Message History

You are engulfed in a cloud of scalding steam.
* * * LOW HITPOINT WARNING * * *
The bullfrog hits you.
* * * LOW HITPOINT WARNING * * *
The bullfrog barely misses you.
Okay, then.
Press: ? - help, v - describe, . - travel, g - get item
Here: a bullfrog Item here: a steam dragon corpse.
An open door.
Casting: Sandblast (safe; 1% risk of failure)
Confirm with . or Enter, or press ? or * to list all spells.
Aiming: Stone Arrow (safe; 1% risk of failure)
Press: ? - help, Shift-Dir - straight line, f - bullfrog
Aim: a bullfrog (67% to hit)
You miscast Stone Arrow.
You are very lightly contaminated with residual magic.
Nothing appears to happen.
You are engulfed in a cloud of scalding steam.
* * * LOW HITPOINT WARNING * * *
The bullfrog hits you.
* * * LOW HITPOINT WARNING * * *
A black bear comes into view.
Casting: Stone Arrow (safe; 1% risk of failure)
Confirm with . or Enter, or press ? or * to list all spells.
Aiming: Stone Arrow (safe; 1% risk of failure)
Press: ? - help, Shift-Dir - straight line, f/p - bullfrog
Aim: a bullfrog (steam, 67% to hit)
Okay, then.
Unknown command.
Okay, then.
Casting: Stone Arrow (safe; 1% risk of failure)
Confirm with . or Enter, or press ? or * to list all spells.
Aiming: Stone Arrow (safe; 1% risk of failure)
Press: ? - help, Shift-Dir - straight line, f/p - bullfrog
Aim: a bullfrog (steam, 67% to hit)
The stone arrow misses the bullfrog.
The bullfrog is engulfed in a cloud of scalding steam.
The bullfrog hits you!
You die...

##.##.#......#.
#...#.....##.#.
##...##.#+#...#.
#.....#...#.#.#.
##.....##....#.#.
#..§....#....#.#.
##.§.....##.#.#.#.
#.........#.......
#@§.......##..#.#.
#F#########'#...>+.
#.h #.#..###. #.#
##)##.# #. # ##
#...#.. #. #
##.#.##. #. ##
#.#.#.# .#. .#
##.....##.#. .##
#.......#..#


You could see a black bear and a bullfrog.

Vanquished Creatures
  Pikel (D:7)
  Joseph (D:7)
  Jeremiah (D:7)
  Sigmund (D:5)
  2 steam dragons (D:7)
  A sky beast (D:7)
  A centaur (D:7)
  A kobold brigand (D:6)
  A bullfrog (D:6)
  A scorpion (D:6)
  2 bombardier beetles
  2 jellies
  5 hounds
  4 orc priests
  2 gnoll boudas
  A sleepcap (D:4)
  Ijyb (D:3)
  Natasha (thrice) (D:3)
  Terence (D:3)
  4 orc wizards
  5 adders
  18 gnolls
  2 shadow imps
  2 ufetubi (D:5)
  5 ribbon worms
  3 dart slugs (D:1)
  22 orcs
  11 endoplasms
  3 giant cockroaches
  11 goblins
  8 hobgoblins
  8 jackals
  2 quokkas (D:1)
  10 ball pythons
  6 bats
  A frilled lizard (D:3)
  21 kobolds
  6 rats
180 creatures vanquished.

Notes
Turn   | Place    | Note
-------+----------+-------------------------------------------
     0 | D:1      | po7itron the Gargoyle Earth Elementalist began the quest
                  | for the Orb.
     0 | D:1      | Reached XP level 1. HP: 10/10 MP: 3/3
   162 | D:1      | Reached XP level 2. HP: 15/15 MP: 1/5
   224 | D:1      | Reached skill level 4 in Earth Magic
   558 | D:1      | Reached XP level 3. HP: 19/19 MP: 2/7
  1180 | D:2      | Reached XP level 4. HP: 24/24 MP: 6/9
  1893 | D:3      | Noticed Natasha
  1897 | D:3      | Killed Natasha
  1898 | D:3      | Reached XP level 5. HP: 7/28 MP: 8/11
  2427 | D:3      | Reached skill level 1 in Fighting
  2574 | D:3      | Noticed Ijyb
  2584 | D:3      | Killed Ijyb
  2585 | D:3      | Reached skill level 5 in Spellcasting
  2585 | D:3      | Reached XP level 6. HP: 21/35 MP: 3/13
  2760 | D:3      | Found a faded altar of an unknown god.
  2858 | D:3      | Noticed Terence
  2871 | D:3      | Killed Terence
  3016 | D:3      | Noticed Natasha
  3017 | D:3      | Reached skill level 5 in Earth Magic
  3024 | D:3      | Killed Natasha
  3088 | D:3      | Noticed Natasha
  3090 | D:3      | Killed Natasha
  3233 | D:3      | Identified the +0 ring mail of Cheibriados's Hope {+Inv
                  | Slay+4}
  3361 | D:3      | Learned a level 3 spell: Passwall
  3453 | D:4      | Found a basalt altar of Yredelemnul.
  3481 | D:4      | Found a runed translucent gate.
  3481 | D:4      | Found a runed translucent gate.
  3481 | D:4      | Found a runed translucent gate.
  3496 | D:4      | Identified the +2 trident "Hommufu" {freeze, rC++}
  3498 | D:4      | Identified the ring "Awnocw" {rElec rPois rN++ Slay-5 SInv}
  3598 | D:4      | Reached skill level 6 in Earth Magic
  3598 | D:4      | Reached XP level 7. HP: 31/40 MP: 8/14
  3904 | D:4      | Reached skill level 7 in Earth Magic
  4193 | D:4      | Noticed NikiYani's ghost (amateur SpEE)
  4196 | D:4      | Identified the +0 chain mail "Laxkamue" {^Contam Rampage
                  | rCorr}
  4341 | D:5      | Entered Level 5 of the Dungeon
  4391 | D:5      | Found a staircase to the Ecumenical Temple.
  4434 | Temple   | Entered the Ecumenical Temple
  4468 | Temple   | Became a worshipper of Vehumet
  4499 | D:5      | Found Woescheji's Weapon Boutique.
  4783 | D:5      | Noticed Sigmund
  5042 | D:5      | Killed Sigmund
  5043 | D:5      | Reached skill level 8 in Earth Magic
  5043 | D:5      | Reached XP level 8. HP: 44/44 MP: 11/16
  5047 | D:5      | Learned a level 3 spell: Stone Arrow
  5344 | D:6      | Identified the +2 leather armour of the Albatross {^Drain
                  | rN++ Dex+2}
  5528 | D:6      | Reached * piety under Vehumet
  5528 | D:6      | Offered knowledge of Foxfire by Vehumet.
  5589 | D:6      | Noticed mihai's ghost (novice MiFi)
  5590 | D:6      | Found a transporter.
  5590 | D:6      | Found a transporter.
  5590 | D:6      | Noticed a two-headed ogre
  5743 | D:6      | Found a white marble altar of Elyvilon.
  5877 | D:7      | Noticed Jeremiah
  6061 | D:7      | Killed Jeremiah
  6062 | D:7      | Reached skill level 9 in Earth Magic
  6184 | D:7      | Reached XP level 9. HP: 48/48 MP: 17/19
  6283 | D:7      | Noticed Joseph
  6290 | D:7      | Killed Joseph
  6368 | D:7      | Noticed Pikel
  6374 | D:7      | Killed Pikel
  6375 | D:7      | Reached skill level 10 in Earth Magic
  6383 | D:7      | Reached skill level 11 in Earth Magic
  6737 | D:7      | HP: 2/48 [bullfrog (5)]
  6738 | D:7      | Slain by a bullfrog

Illustrated notes

Levels and vault maps discovered:
D:1:      eino_arrival_water_cross, layout_rooms
D:2:      layout_rooms
D:3:      minmay_bubble_buster, layout_rooms,
          hellmonk_ecumenical_altar_inner_sanctum, uniq_terence, uniq_ijyb,
          uniq_natasha
D:4:      layout_cave_pools, kennysheep_mini_moat, biasface_ghost_orc_armoury
D:5:      layout_basic, minmay_temple_entry_statues_pillars, serial_shops, shop,
          corexii_hall_statues_i, uniq_sigmund
D:6:      layout_basic, general_overflow_altar, gammafunk_ghost_smash,
          minmay_strange_pillars
D:7:      minmay_the_grid_triangle_9x9_rhombus_full
          [minmay_the_grid_triangle_9x9_empty,
          minmay_the_grid_triangle_9x9_warning,
          minmay_the_grid_triangle_9x9_zippers_horizontal,
          minmay_the_grid_triangle_9x9_alien,
          minmay_the_grid_triangle_9x9_limited_checkers,
          minmay_the_grid_triangle_9x9_dagger,
          minmay_the_grid_triangle_9x9_from_above,
          minmay_the_grid_triangle_9x9_prize_center], layout_basic,
          nrook_mini_backslash, uniq_joseph, uniq_jeremiah, uniq_pikel
Temple:   nicolae_temple_two_arcs

Skill      XL: |  1  2  3  4  5  6  7  8  9 |
---------------+----------------------------+-----
Earth Magic    | 4 6 8 9 11 | 11.5
Spellcasting   | 3 4 5 7 8 |  8.0
Fighting       | 1 2 |  2.0
Dodging        | 2 |  2.0
Conjurations   | 4 |  4.0
Stealth        | |  2.1

Action                     |  1- 3 |  4- 6 |  7- 9 || total
---------------------------+-------+-------+-------++-------
  Melee: Unarmed           |     3 |       |       ||     3
         Mace              |    14 |       |       ||    14
         Dagger            |       |     1 |    11 ||    12
   Cast: Sandblast         |    53 |   142 |   140 ||   335
         Passwall          |       |       |     3 ||     3
         Stone Arrow       |       |       |     4 ||     4
 Armour: Robe              |    22 |    60 |    73 ||   155
  Dodge: Dodged            |    22 |    41 |    57 ||   120
  Block: Other             |    12 |    11 |    18 ||    41
         Reflection        |       |       |     4 ||     4
